[Event "Team 45 45 League T80"]
[Site "Internet Chess Club"]
[Date "2019.05.06"]
[Round "6"]
[White "Portola"]
[Black "harlyman"]
[Result "1/2-1/2"]
[WhiteElo "1802"]
[BlackElo "1807"]
[Opening "Queen's pawn"]
[ECO "A40"]
[Time "10:03:37"]
[TimeControl "2700+45"]

1. d4 e6 2. Nf3 d5 3. c3 Nf6 4. Bg5 c5 5. e3 h6 6. Bh4 Nc6 7. Bd3 Be7 8. Nbd2
O-O 9. O-O b6 10. Qe2 Bb7 11. Rfe1 Ne4 12. Bxe7 Nxe7 13. Ne5 f6 14. Nef3 Rc8 15.
a4 c4 16. Bc2 Nf5 17. Nxe4 dxe4 18. Nd2 Nd6 19. f3 exf3 20. Nxf3 Ne4 21. Rad1 f5
22. Rf1 Nf6 {Game drawn by mutual agreement} 1/2-1/2

[Event "Team 45 45 League T80"]
[Site "Internet Chess Club"]
[Date "2019.05.03"]
[Round "6"]
[White "andrew37"]
[Black "rubo"]
[Result "1-0"]
[WhiteElo "1642"]
[BlackElo "1547"]
[Opening "Queen's pawn: London system"]
[ECO "A45"]
[Time "16:17:04"]
[TimeControl "2700+45"]

1. d4 Nf6 2. Bf4 d6 3. Nf3 c5 4. dxc5 Qa5+ 5. Nc3 Qxc5 6. e3 Bg4 7. Be2 Nbd7 8.
O-O g6 9. Na4 Qa5 10. b3 Bg7 11. Rb1 O-O 12. a3 Ne4 13. c4 Nb6 14. Qd3 Nxa4 15.
bxa4 Nc5 16. Qd1 Bd7 17. Bg5 Bxa4 18. Qd5 Qc7 19. Bf4 Bc6 20. Qxc5 dxc5 21. Bxc7
Rac8 22. Bf4 Rfd8 23. Rfd1 f6 24. Rxd8+ Rxd8 25. Rd1 Rxd1+ 26. Bxd1 e5 27. Bg3
e4 28. Nd2 Bf8 29. Bc2 f5 30. Be5 Kf7 31. Kf1 Ke6 32. Bc3 b5 33. cxb5 Bxb5+ 34.
Ke1 c4 35. a4 Ba6 36. Bd4 Kd5 37. Bxa7 Bb4 38. Kd1 Bd6 39. h3 Bb4 40. Bd4 Ba5
41. Nb1 Bb4 42. Nc3+ Kc6 43. Ne2 Bc8 44. Bc3 Kc5 45. Kd2 Be6 46. Nd4 Bd7 47. a5
Bc8 48. Ba4 h6 49. Nc2 Bxc3+ 50. Kxc3 Be6 51. Nd4 Bf7 52. Bd7 Kd6 53. Bb5 Kc5
54. a6 Bd5 55. a7 Kb6 56. Bxc4 Ba8 57. Nb5 Bc6 58. Nd4 Ba8 59. Bf7 g5 60. Nxf5
Kxa7 61. Nxh6 Kb6 62. Kd4 Bc6 63. Bd5 {Black resigns} 1-0

[Event "Team 45 45 League T80"]
[Site "Internet Chess Club"]
[Date "2019.05.05"]
[Round "6"]
[White "g8wrb"]
[Black "Andaluz"]
[Result "1/2-1/2"]
[WhiteElo "1436"]
[BlackElo "1244"]
[Opening "Polish (Sokolsky) opening"]
[ECO "A00"]
[Time "12:00:54"]
[TimeControl "2700+45"]

1. b4 e5 2. Bb2 d6 3. e4 Be6 4. Bc4 Bxc4 5. d3 Be6 6. Nf3 c6 7. O-O Be7 8. c4
Nd7 9. a3 Bg4 10. Nbd2 Ngf6 11. Re1 O-O 12. Qb3 Qc7 13. Rac1 c5 14. h3 Bxf3 15.
Nxf3 a5 16. b5 a4 17. Qd1 h6 18. Nd2 Nh7 19. Nb1 Bg5 20. Rc2 Be7 21. Nc3 Nb6 22.
f3 {Game drawn by mutual agreement} 1/2-1/2

[Event "Team 45 45 League T80"]
[Site "Internet Chess Club"]
[Date "2019.05.05"]
[Round "6"]
[White "Egmont"]
[Black "Duguesclin"]
[Result "1-0"]
[WhiteElo "1649"]
[BlackElo "1480"]
[Opening "Nimzo-Indian: 4.e3 O-O, 5.Bd3"]
[ECO "E47"]
[Time "08:15:37"]
[TimeControl "2700+45"]

1. d4 Nf6 2. c4 e6 3. Nc3 Bb4 4. e3 O-O 5. Bd3 b6 6. Ne2 Bb7 7. O-O d5 8. cxd5
exd5 9. a3 Bd6 10. b4 c6 11. Qc2 Bc7 12. Ng3 Qd6 13. e4 dxe4 14. Ncxe4 Nxe4 15.
Bxe4 g6 16. Bb2 Nd7 17. b5 Nf6 18. bxc6 Ba6 19. Rfe1 Nxe4 20. Rxe4 Bb5 21. Rc1
Rfe8 22. f3 Rac8 23. Qc3 Qd5 24. Qc2 Bd6 25. a4 Ba6 26. Rxe8+ Rxe8 27. Ne4 Be7
28. Ba3 Qxd4+ 29. Kh1 Bxa3 30. Rd1 Qb2 31. Qxb2 Bxb2 32. c7 Rc8 33. Rd8+ Kg7 34.
Rxc8 Bxc8 35. Nd6 Bd7 36. c8=Q Bxc8 37. Nxc8 Bd4 38. Nxa7 f5 39. g3 Kf6 40. Nb5
Bc5 41. Kg2 g5 42. Kf1 Ke5 43. Ke2 h5 44. Kd3 f4 45. gxf4+ Kxf4 46. Kc4 Kxf3 47.
a5 Bg1 48. a6 Bxh2 49. a7 h4 50. a8=Q+ Kg4 51. Qg2+ Bg3 52. Nd4 h3 53. Qf3+ Kh4
54. Nf5# {Black checkmated} 1-0

[Event "Team 45 45 League T80"]
[Site "Internet Chess Club"]
[Date "2019.05.06"]
[Round "6"]
[White "President"]
[Black "Hal2001"]
[Result "1-0"]
[WhiteElo "1694"]
[BlackElo "1527"]
[Opening "Nimzovich-Larsen attack: Indian variation"]
[ECO "A01"]
[Time "09:08:11"]
[TimeControl "2700+45"]

1. b3 Nf6 2. Bb2 g6 3. Bxf6 exf6 4. c4 Bg7 5. Nc3 f5 6. Rc1 d6 7. e3 c5 8. g3
O-O 9. Bg2 Nd7 10. Nge2 Nf6 11. O-O Rb8 12. d4 b6 13. d5 Re8 14. Qc2 Rb7 15. a4
Rbe7 16. h4 Ne4 17. Nb5 a6 18. Nbc3 Bd7 19. Nxe4 fxe4 20. Nc3 f5 21. Ra1 Qc7 22.
Ra2 Rb8 23. Rc1 b5 24. axb5 axb5 25. Bf1 b4 26. Nb5 Qb6 27. Kg2 Bxb5 28. cxb5
Ra7 29. Ra6 Rxa6 30. bxa6 Ra8 31. Bc4 Qa5 32. Qe2 Qa3 33. Rc2 Qa1 34. Ra2 Qe5
35. Bb5 Ra7 36. Bc6 Qc3 37. Ba4 Qe5 38. Qb5 Qe7 39. Qb8+ Kf7 40. Bc6 Kf6 41. Bb7
g5 42. hxg5+ Kxg5 43. Qxa7 h5 44. Qb8 h4 45. a7 hxg3 46. a8=Q gxf2 47. Qd8 f1=Q+
48. Kxf1 {Black resigns} 1-0

[Event "Team 45 45 League T80"]
[Site "Internet Chess Club"]
[Date "2019.05.04"]
[Round "6"]
[White "Constrictor"]
[Black "MathBandit"]
[Result "1-0"]
[WhiteElo "1543"]
[BlackElo "1611"]
[Opening "Réti: Nimzovich-Larsen attack"]
[ECO "A01"]
[Time "11:04:21"]
[TimeControl "2700+45"]

1. b3 d5 2. Nf3 c5 3. e3 Nc6 4. Bb2 Bg4 5. Bb5 a6 6. Bxc6+ bxc6 7. O-O Qc7 8. d3
e5 9. Bxe5 Bxf3 10. Bxc7 Bxd1 11. Rxd1 Nf6 12. Be5 Ng4 13. Bc3 Rd8 14. h3 Nh6
15. Nd2 f6 16. Re1 Bd6 17. Rab1 O-O 18. b4 Nf5 19. bxc5 Bxc5 20. Bb4 Bxb4 21.
Rxb4 Rb8 22. Reb1 Rxb4 23. Rxb4 Ne7 24. Rb7 Kf7 25. Ra7 Rb8 26. Nb3 Rb6 27. a4
Ke6 28. a5 Rb4 29. Rxa6 Kd6 30. Ra7 h5 31. d4 g5 32. a6 Nc8 33. Rf7 Ke6 34. Rb7
Nb6 35. a7 {Black resigns} 1-0

[Event "Team 45 45 League T80"]
[Site "Internet Chess Club"]
[Date "2019.05.03"]
[Round "6"]
[White "BrerRabbit"]
[Black "Gilguli"]
[Result "1-0"]
[WhiteElo "1352"]
[BlackElo "1290"]
[Opening "Queen's pawn, Mason variation"]
[ECO "D00"]
[Time "10:20:14"]
[TimeControl "2700+45"]

1. d4 d5 2. Bf4 Nf6 3. e3 Bg4 4. f3 Bf5 5. c4 e6 6. Nc3 Nh5 7. Bg3 Nxg3 8. hxg3
Qg5 9. Kf2 Bd6 10. f4 Qd8 11. Qb3 O-O 12. cxd5 c6 13. Qxb7 Nd7 14. dxc6 Rb8 15.
Qxd7 Rxb2+ 16. Kf3 Qxd7 17. cxd7 Rc2 18. Nb5 Be7 19. Nxa7 e5 20. dxe5 Bxd7 21.
Be2 Bc5 22. Rd1 Be6 23. Nc6 Rc3 24. Nd4 Bd5+ 25. Kf2 Ra8 26. Ngf3 Rxa2 27. Rc1
Bxd4 28. Nxd4 Rxc1 29. Rxc1 h6 30. Rc2 Ra1 31. Bf3 {Black resigns} 1-0

[Event "Team 45 45 League T80"]
[Site "Internet Chess Club"]
[Date "2019.05.06"]
[Round "6"]
[White "DaveTheRook"]
[Black "fireball"]
[Result "1/2-1/2"]
[WhiteElo "1578"]
[BlackElo "1586"]
[Opening "QGD: Marshall defense"]
[ECO "A50"]
[Time "19:08:20"]
[TimeControl "2700+45"]

1. d4 Nf6 2. c4 d5 3. c5 c6 4. Nf3 Bf5 5. Bf4 Nh5 6. Bd2 Nd7 7. h3 Nhf6 8. Nh4
Bg6 9. Nxg6 hxg6 10. Nc3 b6 11. b4 Qc7 12. e3 e5 13. Be2 e4 14. a4 Be7 15. Qc2
Nh7 16. a5 bxc5 17. bxc5 Rb8 18. Rb1 O-O 19. O-O f5 20. Rxb8 Rxb8 21. a6 Ndf6
22. Rb1 g5 23. Rxb8+ Qxb8 24. Qb1 Qxb1+ 25. Nxb1 Bd8 26. Bd1 Nd7 27. g4 fxg4 28.
Bxg4 Nhf6 29. Bd1 Nb8 30. Ba4 Kf8 31. Kf1 Ke7 32. Na3 Kd7 33. Nc2 Nxa6 34. Ke2
Ng8 35. f3 Nf6 36. Nb4 Nb8 37. fxe4 Nxe4 38. Be1 a5 39. Nxd5 Kc8 40. Nc3 Nxc3+
41. Bxc3 Kb7 42. Kd3 Nd7 43. e4 Nf6 44. Bd2 Nh5 45. Bd1 Nf4+ 46. Bxf4 gxf4 47.
e5 Bh4 48. Ke4 Bf2 49. e6 Kc7 50. Ba4 g5 51. Bd1 {Game drawn by mutual
agreement} 1/2-1/2

[Event "Team 45 45 League T80"]
[Site "Internet Chess Club"]
[Date "2019.05.06"]
[Round "6"]
[White "Skeptic1972"]
[Black "pokerram"]
[Result "0-1"]
[WhiteElo "1511"]
[BlackElo "1575"]
[Opening "Sicilian: closed"]
[ECO "B23"]
[Time "14:02:25"]
[TimeControl "2700+45"]

1. e4 c5 2. Nc3 a6 3. d3 b5 4. f4 Bb7 5. Nf3 e6 6. g3 d5 7. Bg2 d4 8. Ne2 Nf6 9.
O-O Be7 10. h3 Nc6 11. Ne5 Nxe5 12. fxe5 Nd7 13. Nf4 Nxe5 14. Nxe6 fxe6 15. Qh5+
Ng6 16. Bf4 O-O 17. Qg4 Nxf4 18. gxf4 Qd7 19. Rf3 Rf6 20. Raf1 Rg6 21. Qh5 Qe8
22. Qe5 Qd7 23. f5 Bd6 24. fxe6 Qxe6 25. Qxe6+ Rxe6 26. Rf7 Re7 {White resigns}
0-1

[Event "Team 45 45 League T80"]
[Site "Internet Chess Club"]
[Date "2019.05.05"]
[Round "6"]
[White "cpic2363"]
[Black "JPSVI"]
[Result "0-1"]
[WhiteElo "1472"]
[BlackElo "1457"]
[Opening "French: Fort Knox variation"]
[ECO "C03"]
[Time "15:01:54"]
[TimeControl "2700+45"]

1. e4 e6 2. d4 d5 3. Nd2 dxe4 4. Nxe4 Bd7 5. Nf3 Bc6 6. Bd3 Nd7 7. c3 h6 8. Bf4
g5 9. Bg3 f5 10. Nc5 Bxc5 11. dxc5 Nxc5 12. Ne5 Nxd3+ 13. Nxd3 Nf6 14. Be5 Bxg2
15. Rg1 Be4 16. Nc5 Bd5 17. c4 Bxc4 18. Qxd8+ Rxd8 19. Bxf6 Kf7 20. Bxh8 Rxh8
21. Nxb7 Rb8 22. Na5 Bd5 23. b3 Rb5 24. Nc4 Kf6 25. Ne3 Bf3 26. Kd2 Rb4 27. Rac1
Rd4+ 28. Kc3 Rh4 29. Nf1 c6 30. Rg3 Bd5 31. Ne3 Rxh2 32. Nxd5+ cxd5 33. Rc2 f4
34. Rd3 h5 35. Kd4 g4 36. Rdc3 h4 37. Rc8 g3 38. fxg3 Rxc2 39. Rxc2 hxg3 40. Rc8
g2 41. Rg8 e5+ 42. Kd3 e4+ 43. Ke2 f3+ 44. Kf2 d4 45. b4 d3 46. Rd8 e3+ 47. Kg1
d2 48. Rf8+ Ke7 49. Rxf3 d1=Q+ 50. Kxg2 Qd2+ 51. Kg3 e2 {White resigns} 0-1

[Event "Team 45 45 League T80"]
[Site "Internet Chess Club"]
[Date "2019.05.04"]
[Round "6"]
[White "nidusin2"]
[Black "Megasus"]
[Result "1-0"]
[WhiteElo "1511"]
[BlackElo "1572"]
[Opening "Queen's pawn game"]
[ECO "A45"]
[Time "04:30:48"]
[TimeControl "2700+45"]

1. d4 Nf6 2. Nc3 d6 3. d5 Bf5 4. f3 c6 5. e4 Bd7 6. Bc4 a6 7. a4 h6 8. a5 b6 9.
b4 b5 10. Bb3 Qc7 11. Bb2 Qa7 12. dxc6 Nxc6 13. Nd5 Nxd5 14. Bxd5 Rc8 15. Qd2 e5
16. Ne2 Be7 17. f4 Bf6 18. Rf1 O-O 19. O-O-O Bg4 20. Kb1 Nd4 21. Bxd4 exd4 22.
h3 Bxe2 23. Qxe2 Qc7 24. Bb3 Qc3 25. Qd2 d3 26. Qxc3 Bxc3 27. Rxd3 Bxb4 28. Kb2
Rc7 29. e5 dxe5 30. fxe5 Re7 31. Rdf3 Bxa5 32. g4 Bc7 33. Rf5 g6 34. R5f3 Bxe5+
35. Ka2 a5 36. c4 a4 37. Bc2 Kg7 38. cxb5 Rb8 39. Bxa4 Ra7 40. Kb3 Rba8 41. Re3
Rxa4 42. Rxe5 Ra3+ 43. Kc4 R8a4+ 44. Kc5 Rc3+ 45. Kd6 Rd3+ 46. Kc6 Rc4+ 47. Rc5
Rdc3 48. Rxc4 Rxc4+ 49. Kb7 Rb4 50. b6 Rb3 51. Rc1 Rxh3 52. Kc7 Rb3 53. b7 Kf6
54. b8=Q Rxb8 55. Kxb8 Kg5 56. Rc4 h5 57. gxh5 Kxh5 58. Rc7 f5 59. Rf7 Kg4 60.
Kc7 g5 61. Kd6 Kf4 62. Ke6 g4 63. Rxf5+ Kg3 64. Ke5 Kh2 65. Kf4 g3 66. Rh5+
{Black resigns} 1-0

[Event "Team 45 45 League T80"]
[Site "Internet Chess Club"]
[Date "2019.05.04"]
[Round "6"]
[White "santiagoelawad"]
[Black "Percival"]
[Result "1/2-1/2"]
[WhiteElo "1925"]
[BlackElo "1930"]
[Opening "English opening"]
[ECO "A16"]
[Time "08:14:26"]
[TimeControl "2700+45"]

1. c4 Nf6 2. Nc3 c6 3. e4 d5 4. e5 d4 5. exf6 dxc3 6. bxc3 exf6 7. d4 Bd6 8. Bd3
O-O 9. Qc2 Re8+ 10. Ne2 g6 11. Rb1 Nd7 12. h4 Nf8 13. h5 Qe7 14. hxg6 fxg6 15.
c5 Bc7 16. Kf1 b6 17. Be3 Be6 18. Be4 Bd5 19. Bxd5+ cxd5 20. c4 Qf7 21. cxd5
Qxd5 22. Qb3 Qxb3 23. axb3 bxc5 24. dxc5 a5 25. Rh4 Reb8 26. g3 Ne6 27. b4 axb4
28. Rhxb4 Kf8 29. Nc3 Rxb4 30. Rxb4 Rd8 31. Ke2 Ba5 32. Rc4 Bxc3 33. Rxc3 Ke7
34. Ra3 Rc8 35. Ra7+ Rc7 36. Ra5 h5 37. Kd3 Kd7 38. Kc4 g5 39. Ra8 Rc8 40. Rxc8
Kxc8 41. Kd5 Nc7+ 42. Ke4 Kd7 43. Kf5 Ke7 44. c6 Kf7 45. Bb6 Nd5 46. Bc5 Ne7+
47. Ke4 Nxc6 48. Be3 Ke6 49. Bc5 f5+ 50. Ke3 Kd5 51. Bf8 Ne5 52. Be7 Nf7 53.
Bxg5 Nxg5 54. Kf4 Nh3+ 55. Kxf5 Nxf2 56. Kg5 Ne4+ 57. Kxh5 Nxg3+ {Game drawn
because neither player has mating material} 1/2-1/2

[Event "Team 45 45 League T80"]
[Site "Internet Chess Club"]
[Date "2019.05.05"]
[Round "6"]
[White "jjimalo"]
[Black "primerpaso"]
[Result "1-0"]
[WhiteElo "1816"]
[BlackElo "1763"]
[Opening "Sicilian: Najdorf"]
[ECO "B90"]
[Time "12:03:46"]
[TimeControl "2700+45"]

1. e4 c5 2. Nf3 d6 3. d4 cxd4 4. Nxd4 Nf6 5. Nc3 a6 6. f3 e5 7. Nb3 Be6 8. Be3
Nbd7 9. Qd2 Qc7 10. g4 Nb6 11. g5 Nfd7 12. O-O-O Be7 13. Kb1 Nc4 14. Bxc4 Bxc4
15. Nd5 Bxd5 16. Qxd5 b5 17. Qxa8+ {Black resigns} 1-0

[Event "Team 45 45 League T80"]
[Site "Internet Chess Club"]
[Date "2019.05.06"]
[Round "6"]
[White "Portola"]
[Black "vollmerj"]
[Result "1/2-1/2"]
[WhiteElo "1794"]
[BlackElo "1605"]
[Opening "King's Indian: Torre attack"]
[ECO "A48"]
[Time "19:00:49"]
[TimeControl "2700+45"]

1. d4 Nf6 2. Nf3 g6 3. Bg5 Bg7 4. c3 O-O 5. Nbd2 d5 6. e3 Nbd7 7. Bd3 Re8 8. O-O
e5 9. dxe5 Nxe5 10. Nxe5 Rxe5 11. Bf4 Re8 12. h3 b6 13. Qc2 c5 14. Rfe1 Bb7 15.
Be2 d4 16. cxd4 cxd4 17. Rad1 dxe3 18. Bxe3 Rc8 19. Qb3 Qd5 20. Qxd5 Bxd5 21. b3
Rc2 22. a4 Ne4 23. Nxe4 Bxe4 24. Bc4 Bc3 25. Re2 Rxe2 26. Bxe2 Bf5 27. Bc4 Be5
28. Bg5 Rc8 29. Re1 Bd6 30. Rd1 Bf8 31. Rd8 Rxd8 32. Bxd8 Bc5 33. a5 Kf8 34.
axb6 axb6 35. Bf6 Ke8 36. Kf1 Bd7 37. Ke2 Bc6 38. f3 b5 39. Bd3 Kd7 40. Bg5 Ke6
41. Be3 Bb4 42. Bd4 {Game drawn by mutual agreement} 1/2-1/2

[Event "Team 45 45 League T80"]
[Site "Internet Chess Club"]
[Date "2019.05.06"]
[Round "6"]
[White "Constrictor"]
[Black "LuFran"]
[Result "0-1"]
[WhiteElo "1531"]
[BlackElo "1670"]
[Opening "Réti: Nimzovich-Larsen attack"]
[ECO "A01"]
[Time "20:01:17"]
[TimeControl "2700+45"]

1. b3 d5 2. Nf3 Nf6 3. Bb2 c6 4. e3 Bg4 5. c4 e6 6. Be2 Nbd7 7. O-O Bd6 8. d3
O-O 9. Nbd2 Qe7 10. Nd4 Bxe2 11. Qxe2 Ba3 12. Bxa3 Qxa3 13. f4 a5 14. g4 a4 15.
g5 Ne8 16. Rf3 Qb2 17. Raf1 axb3 18. axb3 Nd6 19. Rh3 Nf5 20. Nxf5 exf5 21. Qh5
h6 22. gxh6 g6 23. Qe2 dxc4 24. dxc4 Ra2 25. Rf2 Nc5 26. Rg3 Ne4 27. Nxe4 Qxe2
28. Nf6+ Kh8 29. Rxe2 Rxe2 30. h4 Ra8 31. Rg2 Ra1+ 32. Kh2 Rxg2+ 33. Kxg2 Ra3
34. Nd7 Rxb3 35. Kf3 Rb4 36. Ne5 Kg8 37. e4 fxe4+ 38. Kxe4 f5+ 39. Kd4 Kh7 40.
Kc5 Rb1 41. Kd6 Kxh6 42. Kc7 Kh5 43. c5 Rb4 44. Nd3 Rb1 45. Ne5 Kxh4 46. Nxg6+
Kg4 47. Kd6 Rh1 48. Kc7 Rh6 49. Ne5+ Kxf4 50. Nd3+ Ke3 {White resigns} 0-1

[Event "Team 45 45 League T80"]
[Site "Internet Chess Club"]
[Date "2019.05.07"]
[Round "6"]
[White "PolishRyszard"]
[Black "Nezmetdinov"]
[Result "1-0"]
[WhiteElo "1862"]
[BlackElo "1901"]
[Opening "Blackmar gambit"]
[ECO "D00"]
[Time "10:02:57"]
[TimeControl "2700+45"]

1. d4 d5 2. e4 dxe4 3. Nc3 e5 4. Nge2 Nc6 5. d5 Nce7 6. Ng3 f5 7. Bc4 Nf6 8. Bg5
Ng6 9. Nh5 Qd6 10. Bb5+ Kf7 11. O-O a6 12. Be2 Be7 13. Nxf6 Bxf6 14. Bxf6 Qxf6
{Black resigns} 1-0

[Event "Team 45 45 League T80"]
[Site "Internet Chess Club"]
[Date "2019.05.05"]
[Round "6"]
[White "nathanpillay"]
[Black "cadmiumorange"]
[Result "0-1"]
[WhiteElo "1761"]
[BlackElo "1742"]
[Opening "QGD: Chigorin defense, Janowski variation"]
[ECO "D07"]
[Time "09:00:31"]
[TimeControl "2700+45"]

1. d4 d5 2. c4 Nc6 3. Nc3 dxc4 4. Nf3 Nf6 5. Bg5 a6 6. d5 Na5 7. Qa4+ c6 8. b4
cxb3 9. axb3 e6 10. Bd2 b6 11. b4 Bxb4 12. Qxb4 exd5 13. e3 c5 14. Qa3 O-O 15.
Bd3 Nc4 16. Bxc4 dxc4 17. Ne5 Bb7 18. Nf3 Qd6 19. Rd1 Rfd8 20. O-O Bxf3 21. gxf3
Qc6 22. e4 b5 23. Ne2 Rd3 24. Qa5 b4 25. Be3 Nd7 26. Nf4 Ra3 27. Qxa3 bxa3 28.
Nd5 Kf8 29. Ra1 Ne5 30. f4 Qg6+ 31. Kh1 Qxe4+ {White resigns} 0-1

[Event "Team 45 45 League T80"]
[Site "Internet Chess Club"]
[Date "2019.05.05"]
[Round "6"]
[White "walkover"]
[Black "cayo89"]
[Result "1/2-1/2"]
[WhiteElo "1704"]
[BlackElo "1655"]
[Opening "Pirc defense"]
[ECO "B07"]
[Time "12:08:19"]
[TimeControl "2700+45"]

1. d4 d6 2. e4 Nf6 3. Nc3 e5 4. Nf3 exd4 5. Qxd4 Nc6 6. Bb5 Bd7 7. Bxc6 Bxc6 8.
Bg5 Be7 9. O-O-O O-O 10. Rhe1 Nd7 11. Bxe7 Qxe7 12. Qd2 Ne5 13. Nd4 g6 14. f4
Nc4 15. Qf2 Qf6 16. g4 Rfe8 17. g5 Qe7 18. Qf1 d5 19. Nb3 d4 20. Rxd4 Nd6 21.
Nd5 Bxd5 22. Rxd5 Rad8 23. Re5 Qf8 24. Rxe8 Rxe8 25. Nc5 Qe7 26. e5 b6 27. Ne4
Nxe4 28. Rxe4 Qe6 29. c4 Rd8 30. Qe2 Kg7 31. b3 h5 32. Qe3 c5 33. Kb2 Rd1 34.
Qe2 Qd7 35. Kc2 Ra1 36. Kb2 Rd1 37. Kc2 Ra1 38. Kb2 Rd1 {Game drawn by
repetition} 1/2-1/2

[Event "Team 45 45 League T80"]
[Site "Internet Chess Club"]
[Date "2019.05.03"]
[Round "6"]
[White "tightfist"]
[Black "cityprosecutor"]
[Result "1/2-1/2"]
[WhiteElo "1493"]
[BlackElo "1683"]
[Opening "King's Indian, 3.Nf3"]
[ECO "E60"]
[Time "13:17:17"]
[TimeControl "2700+45"]

1. Nf3 Nf6 2. c4 g6 3. d4 c5 4. d5 b5 5. e3 b4 6. Bd3 d6 7. O-O Bg7 8. Nbd2 O-O
9. Ne4 a5 10. Qc2 a4 11. Bd2 a3 12. Bc1 Nbd7 13. Ng3 Ng4 14. h3 Nge5 15. Nxe5
Nxe5 16. Be2 Ba6 17. Rb1 axb2 18. Bxb2 Bb7 19. f4 Nd7 20. Bxg7 Kxg7 21. Qb2+ Kg8
22. Ra1 Ra3 23. Kf2 Qa5 24. Bd1 Nb6 25. Bb3 Na4 26. Bxa4 Qxa4 27. Ne2 Ra8 28.
Nc1 Ba6 29. Rd1 Bxc4 30. Rd2 Qa6 31. e4 b3 32. e5 bxa2 33. exd6 exd6 34. f5 Qb5
35. fxg6 hxg6 36. Qxb5 Bxb5 37. Rdxa2 Rxa2+ 38. Rxa2 Rxa2+ 39. Nxa2 Bc4 40. Nc3
Kf8 41. Ke3 Ke7 42. h4 Kf6 43. Kf4 Bf1 44. g3 Bg2 45. g4 Ke7 46. Kg5 c4 47. h5
gxh5 48. gxh5 Kf8 49. Kf6 Kg8 50. h6 Bf3 51. h7+ Kxh7 52. Kxf7 Kh6 53. Ke7 Bxd5
{Game drawn by mutual agreement} 1/2-1/2

[Event "Team 45 45 League T80"]
[Site "Internet Chess Club"]
[Date "2019.05.05"]
[Round "6"]
[White "junard"]
[Black "cysk"]
[Result "1/2-1/2"]
[WhiteElo "1829"]
[BlackElo "1795"]
[Opening "Dutch"]
[ECO "A80"]
[Time "05:08:05"]
[TimeControl "2700+45"]

1. d4 f5 2. Nc3 Nf6 3. Bg5 d5 4. Bxf6 exf6 5. e3 Bd6 6. Nxd5 Be6 7. Nc3 O-O 8.
Bd3 Nd7 9. d5 Bf7 10. Bxf5 Nb6 11. Nge2 g6 12. Be4 f5 13. Bf3 Qf6 14. O-O Be5
15. Qd3 Rad8 16. Rfd1 c6 17. e4 fxe4 18. Nxe4 Qh4 19. N4g3 Bxb2 20. Rab1 Bg7 21.
Qa3 Nxd5 22. Rxb7 Nf4 23. Rbd7 Nxe2+ 24. Bxe2 Rxd7 25. Rxd7 Bd4 26. Bf3 Re8 27.
Qa5 Be6 28. Rd6 Bf7 29. Qd2 c5 30. Rd7 Rb8 31. Rb7 Rxb7 32. Bxb7 Qe7 33. Bf3 Qe6
34. c3 Be5 35. a4 Qb3 36. Ne4 Qxa4 {Game drawn by mutual agreement} 1/2-1/2

[Event "Team 45 45 League T80"]
[Site "Internet Chess Club"]
[Date "2019.05.02"]
[Round "6"]
[White "ChessRooklift"]
[Black "Otelo"]
[Result "0-1"]
[WhiteElo "1698"]
[BlackElo "1717"]
[Opening "King's Indian: East Indian defense"]
[ECO "A48"]
[Time "21:01:53"]
[TimeControl "2700+45"]

1. d4 Nf6 2. Nf3 g6 3. h4 Bg7 4. h5 Nxh5 5. g4 Nf6 6. g5 Ne4 7. c4 d5 8. Nc3 e6
9. e3 Nxg5 10. Nxg5 Qxg5 11. cxd5 Qe7 12. Bg2 c6 13. dxc6 Nxc6 14. d5 Bxc3+ 15.
bxc3 Ne5 16. a4 Bd7 17. Ba3 Qf6 18. dxe6 Bxe6 19. Bxb7 Rd8 20. Qe2 Bc4 21. Qc2
Nd3+ 22. Kd1 Nb4+ 23. Kc1 Nxc2 24. Kxc2 Qxf2+ {White resigns} 0-1

[Event "Team 45 45 League T80"]
[Site "Internet Chess Club"]
[Date "2019.05.02"]
[Round "6"]
[White "KCChessc6"]
[Black "Goli"]
[Result "1/2-1/2"]
[WhiteElo "1745"]
[BlackElo "1662"]
[Opening "English, 1...Nf6 (Anglo-Indian defense)"]
[ECO "A15"]
[Time "18:00:34"]
[TimeControl "2700+45"]

1. c4 Nf6 2. g3 g6 3. Bg2 Bg7 4. Nc3 O-O 5. Nf3 d6 6. O-O e5 7. d3 h6 8. Bd2 a5
9. a3 c6 10. Rb1 Be6 11. b4 axb4 12. axb4 Qc8 13. b5 Bh3 14. bxc6 bxc6 15. Qc1
Bxg2 16. Kxg2 Kh7 17. c5 d5 18. Nxe5 Nbd7 19. Nxd7 Nxd7 20. Bf4 Re8 21. Bd6 Bxc3
22. Qxc3 Rxe2 23. Rfe1 Raa2 24. Rxe2 Rxe2 25. d4 Qe8 26. Rb7 Kg7 27. Qd3 Re6 28.
Kg1 Re1+ 29. Kg2 Re6 30. Qa6 Re2 31. Qd3 {Game drawn by mutual agreement}
1/2-1/2

[Event "Team 45 45 League T80"]
[Site "Internet Chess Club"]
[Date "2019.05.05"]
[Round "6"]
[White "Egmont"]
[Black "mongmong"]
[Result "0-1"]
[WhiteElo "1627"]
[BlackElo "1545"]
[Opening "Nimzo-Indian: 4.e3 O-O, 5.Bd3 d5"]
[ECO "E48"]
[Time "12:36:47"]
[TimeControl "2700+45"]

1. d4 e6 2. c4 Nf6 3. Nc3 Bb4 4. e3 O-O 5. Bd3 d5 6. Ne2 Be7 7. b3 c5 8. Bb2 Nc6
9. cxd5 Nxd5 10. Nxd5 Qxd5 11. dxc5 Nb4 12. Nf4 Nxd3+ 13. Qxd3 Qxc5 14. O-O Rd8
15. Qe2 Bd7 16. Rfc1 Bb5 17. Qg4 Qg5 18. Qxg5 Bxg5 19. Rc5 Bxf4 20. Rxb5 Rd2 21.
Bc3 Rd3 22. Bb4 Bd6 23. Bxd6 Rxd6 24. Rxb7 Rad8 25. g3 a5 26. Rc1 Rd1+ 27. Rxd1
Rxd1+ 28. Kg2 g6 29. Ra7 Rd5 30. Kf3 Kg7 31. e4 Rc5 32. h4 h5 33. Ke3 e5 34. Kd3
Kf6 35. Ra6+ Ke7 36. a4 f6 37. Rb6 Rc1 38. Rb5 Rf1 39. Rxa5 Rxf2 40. Kc4 Rf3 41.
b4 Rxg3 42. Kd5 Rd3+ 43. Kc5 Rc3+ 44. Kb6 Rc4 45. Ra7+ Ke6 46. b5 Rxe4 47. a5 f5
48. Rc7 f4 49. Rc6+ Kd7 50. Rxg6 f3 51. Rf6 Rf4 52. Rh6 f2 53. Rh7+ Kc8 54. Rh8+
Kd7 55. Rh7+ Ke6 56. Rh6+ Kd5 57. a6 f1=Q 58. a7 Ra4 59. Rxh5 Qf2+ 60. Kb7 Qxa7+
{White resigns} 0-1

[Event "Team 45 45 League T80"]
[Site "Internet Chess Club"]
[Date "2019.05.06"]
[Round "6"]
[White "fledermaus"]
[Black "cool64chess"]
[Result "1/2-1/2"]
[WhiteElo "1913"]
[BlackElo "1890"]
[Opening "QGD: Neo-orthodox variation, 7.Bh4"]
[ECO "D56"]
[Time "14:38:02"]
[TimeControl "2700+45"]

1. Nf3 d5 2. d4 Nf6 3. c4 e6 4. Nc3 Be7 5. Bg5 O-O 6. e3 h6 7. Bh4 dxc4 8. Bxc4
a6 9. a4 c5 10. O-O cxd4 11. Nxd4 Nc6 12. Nxc6 bxc6 13. Qe2 Nd5 14. Bg3 Bd6 15.
Rfd1 Bxg3 16. hxg3 Qe7 17. e4 Nxc3 18. bxc3 Qc5 19. Rab1 e5 20. Kh2 Ra7 21. Qa2
Kh7 22. Rb2 f5 23. exf5 Bxf5 24. Rbd2 Bg4 25. f3 Bf5 26. Rd8 e4 27. Rxf8 Qxf8
{Game drawn by mutual agreement} 1/2-1/2

[Event "Team 45 45 League T80"]
[Site "Internet Chess Club"]
[Date "2019.05.12"]
[Round "6"]
[White "room-matt"]
[Black "zepled37"]
[Result "1-0"]
[WhiteElo "1787"]
[BlackElo "1705"]
[Opening "Richter-Veresov attack"]
[ECO "D01"]
[Time "09:04:16"]
[TimeControl "2700+45"]

1. d4 Nf6 2. Nc3 d5 3. Bg5 h6 4. Bxf6 exf6 5. e3 Bf5 6. g4 Bg6 7. Bg2 c6 8. Nf3
Bd6 9. Nh4 Bh7 10. Nf5 O-O 11. Qf3 Na6 12. O-O-O b5 13. Ne2 b4 14. h4 Nc7 15. g5
h5 16. gxf6 Qxf6 17. Nxd6 Qxd6 18. Qxh5 a5 19. Rhg1 a4 20. Qg4 Ne6 21. h5 b3 22.
cxb3 axb3 23. a3 Rxa3 24. bxa3 Qxa3+ 25. Kd2 Qa2+ 26. Ke1 b2 27. Nc3 Qb3 28. Nb1
Bxb1 29. Rxb1 Qc3+ 30. Ke2 f5 31. Qh4 f4 32. Rgd1 fxe3 33. Kf1 exf2 34. Qh3 Qc2
35. Qxe6+ Kh8 36. Qe7 {Black resigns} 1-0